 Dungeon Crawl Stone Soup version 0.28.0-47-ge53b351184 (webtiles) character file.

Game seed: 9845553437575193791

3203 101zpm the Ruffian (level 9, -2/77 (83) HPs)
             Began as a Troll Earth Elementalist on Apr 28, 2022.
             Slain by an orc warrior
             ... wielding a +0 trident
              (14 damage)
             ... on level 8 of the Dungeon.
             The game lasted 00:09:18 (6555 turns).

101zpm the Ruffian (Troll Earth Elementalist)       Turns: 6555, Time: 00:09:18

HP:   -2/77 (83)    AC:  7    Str: 18    XL:     9   Next: 65%
MP:   10/10         EV: 12    Int: 15    God:
Gold: 368           SH:  0    Dex: 16    Spells: 10/11 levels left

rFire   + . .      SeeInvis .   y - +4 falchion of Gluttony {flame, rC+ Will- Stlth+}
rCold   + . .      Faith    .   (no shield)
rNeg    . . .      Spirit   .   n - +0 troll leather armour {Pargi}
rPois   .          Reflect  .   (helmet restricted)
rElec   .          Harm     .   m - +0 cloak
rCorr   .          Rampage  .   (gloves unavailable)
Will    .....                   (boots unavailable)
Stlth   +++.......              q - amulet of regeneration
HPRegen 2.62/turn               i - +6 ring of dexterity
MPRegen 0.12/turn               t - ring of protection from fire

@: lethally poisoned (-2 -> -3), drained
A: large, unfitting armour, claws 3, regeneration 1, shaggy fur 1, tough skin 1
a: no special abilities


You were on level 8 of the Dungeon.
You visited 2 branches of the dungeon, and saw 9 of its levels.

You collected 368 gold pieces.

Inventory:

Hand Weapons
 y - the +4 falchion of Gluttony (weapon) {flame, rC+ Will- Stlth+}
   (You found it on level 7 of the Dungeon)

   It burns those it strikes, dealing additional fire damage.
   Big, fiery blades are also staple armaments of hydra-hunters.
   rC:        It protects you from cold.
   Will:      It decreases your willpower.
   Stlth:     It makes you more stealthy.
Missiles
 c - 170 stones
Armour
 b - a +0 robe
 j - a +1 cloak
 m - a +0 cloak (worn)
 n - a +0 troll leather armour (worn) {Pargi}
Jewellery
 i - a +6 ring of dexterity (left claw)
 q - an amulet of regeneration (around neck)
 t - a ring of protection from fire (right claw)
 B - a ring of wizardry
Wands
 p - a wand of iceblast (7)
 E - a wand of paralysis (4)
Scrolls
 d - a scroll of immolation {unknown}
 e - 7 scrolls of identify {unknown}
 f - 2 scrolls of vulnerability {unknown}
 g - 3 scrolls of enchant weapon {unknown}
 k - 2 scrolls of blinking {unknown}
 r - a scroll of fog {unknown}
 s - 2 scrolls of teleportation {unknown}
 u - 2 scrolls of enchant armour {unknown}
 x - a scroll of amnesia {unknown}
 z - a scroll of noise {unknown}
 C - a scroll of holy word {unknown}
Potions
 a - 4 potions of cancellation {unknown}
 h - a potion of mutation {unknown}
 l - a potion of heal wounds {unknown}
 o - 4 potions of curing {unknown}
 v - 2 potions of lignification {unknown}
 w - a potion of magic {unknown}
 A - 2 potions of might {unknown}
 D - a potion of brilliance {unknown}


   Skills:
 + Level 3.4 Fighting
 + Level 3.1 Long Blades
 + Level 3.9 Armour
 + Level 5.4 Dodging
 + Level 2.8 Stealth
 + Level 7.8 Unarmed Combat
 + Level 1.5 Spellcasting
 + Level 0.7 Transmutations
 + Level 3.0 Earth Magic


You had 10 spell levels left.
You knew the following spells:

 Your Spells              Type           Power      Damage    Failure   Level
a - Sandblast             Erth           20%        2d7       8%          1

Your spell library contained the following spells:

 Spells                   Type           Power      Damage    Failure   Level
 Passwall                 Tmut/Erth      5%         N/A       19%         2
 Apportation              Tloc           2%         N/A       28%         1
 Stone Arrow              Conj/Erth      10%        3d7       41%         3
 Petrify                  Tmut/Erth      6%         N/A       77%         4
 Alistair's Intoxication  Tmut/Pois      1%         N/A       100%        5
 Dispersal                Tloc           0%         N/A       100%        6
 Disjunction              Tloc           0%         N/A       100%        8


Dungeon Overview and Level Annotations

Branches:
Dungeon (8/15)             Temple (1/1) D:5
   Lair: D:8-11

Altars:
Ashenzari
Dithmenos
Elyvilon
Fedhas
Gozag
Kikubaaqudgha
Makhleb
Nemelex Xobeh
Okawaru
Qazlal
Ru
Sif Muna
Trog
Uskayaw
Vehumet
Wu Jian
Xom
Yredelemnul
Zin
The Shining One

Shops:
D:2 =   D:6 *   D:8 :

Annotations:
D:4 Robin


Innate Abilities, Weirdness & Mutations

You are too large for most types of armour.
You have claws for hands.
Your natural rate of healing is unusually fast.
You are covered in fur. (AC +1)
You have tough skin. (AC +1)


Message History

The killer bee stings you but does no damage.
The orc closely misses you.
A killer bee comes into view.
The killer bee buzzes angrily.
The killer bee stings you but does no damage.
The killer bee stings you but does no damage.
The hornet zombie hits you but does no damage.
The killer bee stings you but does no damage.
The killer bee buzzes angrily.
You hit the killer bee. You burn the killer bee.
The killer bee is moderately wounded.
The killer bee misses you.
The orc warrior hits you from afar with a +0 trident!
The killer bee completely misses you.
The killer bee buzzes angrily.
You slash the killer bee! You burn the killer bee.
The killer bee is almost dead.
The killer bee stings you but does no damage.
The orc warrior hits you from afar with a +0 trident!
The killer bee misses you.
You miss the killer bee. Your claw misses the killer bee.
The killer bee is almost dead.
The killer bee stings you.
* * * LOW HITPOINT WARNING * * *
The orc warrior closely misses you. The killer bee stings you!
* * * LOW HITPOINT WARNING * * *
You are poisoned.
The killer bee poisons you!
You miss the killer bee.
The killer bee is almost dead.
You feel very sick. The killer bee barely misses you.
The orc warrior hits you from afar with a +0 trident.
* * * LOW HITPOINT WARNING * * *
The killer bee closely misses you.
You completely miss the killer bee.
The killer bee is almost dead.
You feel sick. The killer bee closely misses you. x2
The orc warrior hits you from afar with a +0 trident!
You die...

#.........#.#
#.........y.#
####.........y..
.......)|.....#
#..........# #...##oZ.####
#. ##Zyo## #.y#y# #.. ##
#.##@# #.# ... ##.##.# #.#
....###..##.# #.#
......#.###.# #.#
........###.# ##.#
......#.....###..#####
#...###..<...........#
........##...#######.#####
##..##..##...# #..).....#


You could see an orc warrior, 2 killer bees, an orc and a hornet zombie.

Vanquished Creatures
  A steam dragon (D:5)
  2 vampire mosquitoes (D:7)
  An acid dragon (D:8)
  2 water moccasins
  An orc warrior (D:6)
  Pargi (D:3)
  3 black bears
  2 sky beasts (D:7)
  An ice beast (D:7)
  3 centaurs
  A phantom (D:6)
  3 bullfrogs (D:7)
  A scorpion (D:5)
  2 wyvern skeletons (D:6)
  3 killer bees (D:7)
  8 wights
  A centaur zombie (D:7)
  2 hounds
  3 orc priests
  2 centaur skeletons
  2 jellies (D:5)
  4 iguanas
  2 orc wizards
  A hound zombie (D:5)
  A howler monkey zombie (D:7)
  2 howler monkey skeletons (D:7)
  3 adders
  4 gnolls (D:4)
  2 shadow imps (D:5)
  2 adder skeletons (D:5)
  An adder zombie (D:5)
  3 worms
  2 dart slugs
  10 orcs
  5 endoplasms
  8 hobgoblins
  4 jackals
  A quokka (D:3)
  3 ball pythons
  7 bats
  A frilled lizard (D:1)
  A goblin (D:2)
  A jackal skeleton (D:4)
  3 kobolds
  3 rats (D:3)
119 creatures vanquished.

Notes
Turn   | Place    | Note
-------+----------+-------------------------------------------
     0 | D:1      | 101zpm the Troll Earth Elementalist began the quest for the
                  | Orb.
     0 | D:1      | Reached XP level 1. HP: 16/16 MP: 1/1
   273 | D:1      | Reached XP level 2. HP: 24/24 MP: 3/3
   779 | D:1      | Found a faded altar of an unknown god.
   975 | D:2      | Found Lelogi's Jewellery Shop.
  1303 | D:2      | Reached XP level 3. HP: 31/31 MP: 4/4
  2016 | D:3      | Noticed Pargi
  2074 | D:3      | Killed Pargi
  2075 | D:3      | Reached skill level 2 in Unarmed Combat
  2075 | D:3      | Reached XP level 4. HP: 10/40 MP: 5/5
  2386 | D:3      | Reached XP level 5. HP: 45/46 MP: 6/6
  2489 | D:3      | Noticed a black bear
  2507 | D:3      | Killed a black bear
  2508 | D:3      | Reached skill level 3 in Unarmed Combat
  2513 | D:3      | Reached skill level 1 in Fighting
  2958 | D:4      | Reached XP level 6. HP: 16/55 MP: 7/7
  3112 | D:4      | Noticed Robin
  3120 | D:5      | Entered Level 5 of the Dungeon
  3130 | D:5      | Reached skill level 1 in Armour
  3304 | D:5      | Reached XP level 7. HP: 39/62 MP: 8/8
  3311 | D:5      | Reached skill level 4 in Unarmed Combat
  3396 | D:5      | Found a staircase to the Ecumenical Temple.
  3635 | D:5      | Noticed a steam dragon
  3641 | D:5      | Killed a steam dragon
  3642 | D:5      | Reached skill level 5 in Unarmed Combat
  3941 | Temple   | Entered the Ecumenical Temple
  4270 | D:6      | Reached XP level 8. HP: 63/72 MP: 9/9
  4697 | D:6      | Reached skill level 6 in Unarmed Combat
  4822 | D:6      | Found Huqupseu's Assorted Antiques.
  5085 | D:7      | Reached skill level 7 in Unarmed Combat
  5137 | D:7      | Identified the +4 falchion of Gluttony {flame, rC+ Will-
                  | Stlth+}
  5311 | D:7      | Reached XP level 9. HP: 80/80 MP: 10/10
  5483 | D:7      | Reached skill level 1 in Long Blades
  5783 | D:7      | Reached skill level 5 in Dodging
  6404 | D:8      | Found Ipnasax's Book Shoppe.
  6475 | D:8      | Found a shimmering blue altar of Sif Muna.
  6555 | D:8      | Slain by an orc warrior

Illustrated notes

Levels and vault maps discovered:
D:1:      lightli_arrival_statuegarden, layout_basic,
          shapermc_ecumenical_altar_mp_vishouse, st_stairs_2
D:2:      layout_loops_corners, serial_aquarium, aquarium_bridge_straight
          [aquarium_subvault_bridge, aquarium_subvault_wall,
          aquarium_subvault_bridge, aquarium_subvault_wall],
          aquarium_bridge_square [aquarium_subvault_bridge,
          aquarium_subvault_wall, aquarium_subvault_bridge,
          aquarium_subvault_wall], aquarium_window_fake, aquarium_window_fake,
          aquarium_view_2c, aquarium_view_2b, aquarium_pool_five, serial_shops,
          nicolae_shop_competitors_out_of_business
D:3:      layout_basic, uniq_pargi
D:4:      layout_rooms, minmay_stone_trees_medium, uniq_blork_the_orc,
          uniq_robin
D:5:      layout_loops_ring, minmay_temple_entry_proselytizer
D:6:      layout_basic, serial_shops, nicolae_shop_behind_doors
D:7:      layout_layer_cave, minmay_checkerbox
D:8:      layout_rooms, nicolae_sif_muna_condensation, serial_shops, shop,
          serial_park_tiny_pond
Temple:   mainiacjoe_temple_bowtie_tessellation

Skill      XL: |  1  2  3  4  5  6  7  8  9 |
---------------+----------------------------+-----
Earth Magic    | 3 |  3.0
Dodging        | 2 3 4 5 |  5.4
Unarmed Combat | 2 3 5 7 |  7.8
Fighting       | 1 2 3 |  3.4
Armour         | 2 3 |  3.9
Stealth        | 2 |  2.8
Long Blades    | 3 |  3.1
Spellcasting   | |  1.5
Transmutations | |  0.7

Action                   |  1- 3 |  4- 6 |  7- 9 || total
-------------------------+-------+-------+-------++-------
Melee: Unarmed           |   111 |   106 |   138 ||   355
       Punch             |       |     4 |    12 ||    16
       Falchion          |       |       |   154 ||   154
 Stab: Sleeping          |     3 |     4 |     8 ||    15
Armor: Robe              |    75 |       |       ||    75
       Troll leather arm |       |    47 |   134 ||   181
Dodge: Dodged            |    96 |    77 |   204 ||   377
